 Dungeon Crawl Stone Soup version 0.32-a0-12-g7fc57aa741 (webtiles) character file.

Game seed: 14929751216648952077

86 jjjjhere the Ruffian (level 4, -3/48 HPs)
             Began as a Demonspawn Shapeshifter on Jan 15, 2024.
             Slain by a gnoll
             ... wielding a +0 spear
              (5 damage)
             ... on level 2 of the Dungeon.
             The game lasted 00:03:10 (1208 turns).

jjjjhere the Ruffian (Demonspawn Shapeshifter)      Turns: 1208, Time: 00:03:11

Health: -3/48      AC: 22    Str: 16    XL:     4   Next: 26%
Magic:  4/4        EV:  2    Int: 11    God:
Gold:   66         SH:  0    Dex: 12    Spells: 3/3 levels left

rFire   . .          .
                       - Unarmed
rCold   . . .        (no shield)
rNeg    . . .        f - melded +0 chain mail
rPois   +            (helmet currently unavailable)
rElec   .            (cloak currently unavailable)
rCorr   .            (gloves currently unavailable)
SInv    .            (boots currently unavailable)
Will    .....        (no amulet)
Stlth   +            (no ring)
HPRegen 0.28/turn    (no ring)
MPRegen 0.09/turn

%: no passive effects
@: tree-form
A: stationary, stasis, torment immunity, boosted hp, (horns 1)
a: no special abilities


You were on level 2 of the Dungeon.
You were a tree.
You visited 1 branch of the dungeon, and saw 2 of its levels.

You collected 92 gold pieces.
You spent 26 gold pieces at shops.

Inventory:

Missiles
 e - a silver javelin (quivered)
Armour
 a - a +0 animal skin
 f - a +0 chain mail (melded)
 i - an orb of mayhem
Talismans
 c - a beast talisman
 d - a flux talisman
Scrolls
 h - a scroll of revelation
Potions
 g - 2 potions of cancellation


   Skills:
 - Level 1.0 Fighting
 - Level 1.7 Dodging
 + Level 3.7 Unarmed Combat
 + Level 3.6 Shapeshifting


You had 3 spell levels left.
You didn't know any spells.
Your spell library contained the following spells:

 Spells                   Type           Power      Damage    Failure   Level
 Stone Arrow              Conj/Erth      0%         3d7       71%         3
 Animate Armour           Summ/Erth      0%         N/A       98%         4
 Lehudib's Crystal Spear  Conj/Erth      0%         10d2      100%        8


Dungeon Overview and Level Annotations

Branches:
Dungeon (2/15)

Altars:

Shops:
D:1 ?


Innate Abilities, Weirdness & Mutations

You are a tree.
Your roots penetrate the ground, keeping you stationary.
You cannot be teleported.
You are immune to unholy pain and torment.
Your maximum health is greatly increased.
Your equipment is partially melded.
((You have a pair of small horns on your head.))


Message History

The adder is severely wounded.
You feel sick.
You are no longer poisoned.
The adder bites you but does no damage. The gnoll hits you but does no damage.
You smack the adder!
You kill the adder!
The gnoll hits you but does no damage.
You have reached level 4!
You feel clever.
You miss the goblin.
The goblin unwields a +0 sling.
The goblin wields a +0 dagger.
The goblin hits you with a +0 dagger.
* * * LOW HITPOINT WARNING * * *
The gnoll barely misses you.
Unknown command.
You hit the goblin.
You kill the goblin!
The gnoll hits you but does no damage.
You smack the gnoll!
The gnoll is severely wounded.
The gnoll hits you from afar with a +0 spear.
* * * LOW HITPOINT WARNING * * *
The gnoll hits you but does no damage.
You hit the gnoll.
You kill the gnoll!
The gnoll hits you but does no damage.
Okay, then.
Throw: 3 javelins (silver)
Press: ? - help, Q - select action Shift-Dir - straight line, f - gnoll
Aim: a gnoll, wielding a +0 spear (56% to hit)
You throw a silver javelin.
The silver javelin completely misses the gnoll.
The gnoll hits you but does no damage.
Throw: 2 javelins (silver)
Press: ? - help, Q - select action Shift-Dir - straight line, f/p - gnoll
Aim: a gnoll, wielding a +0 spear (56% to hit)
You throw a silver javelin.
The silver javelin pierces through the gnoll but does no damage.
The gnoll is lightly wounded.
The gnoll hits you from afar with a +0 spear.
You die...

#........# #.# ###
#.....(..# #.# #.#
#........# ###.# #.#
#........# #.g.# #.##
#........####.### #..##
#........##....# #....
######g÷..gg...####.###
#)####..>...##.##. #♣##
#....[....... #..#
#...........#
##.###.####....#..
#.....## ###.....
####...### ##.#..
#.....####.###
#.#.#.........
###.#.#######.##
##...#†## #.#


You could see a gnoll.

Vanquished Creatures
  A gnoll (D:2)
  3 adders (D:2)
  A dart slug (D:1)
  A ribbon worm (D:2)
  3 bats
  3 endoplasms
  A giant cockroach (D:1)
  5 goblins
  5 hobgoblins
  3 jackals
  A quokka (D:1)
  7 ball pythons
  5 frilled lizards
  2 kobolds
  4 rats
45 creatures vanquished.

Notes
Turn   | Place    | Note
-------+----------+-------------------------------------------
     0 | D:1      | jjjjhere the Demonspawn Shapeshifter began the quest for
                  | the Orb.
     0 | D:1      | Reached XP level 1. HP: 15/15 MP: 1/1
   149 | D:1      | Gained mutation: You have a pair of small horns on your
                  | head. [demonic ancestry]
   149 | D:1      | Reached XP level 2. HP: 13/21 MP: 2/2
   405 | D:1      | Found Gib Rir's Magic Scroll Boutique.
   408 | D:1      | Bought a scroll of identify for 26 gold pieces
   840 | D:2      | Reached XP level 3. HP: 26/26 MP: 3/3
  1163 | D:2      | HP: 4/26 [gnoll/+0 spear (6)]
  1193 | D:2      | HP: 8/26 [poisoned by an adder]
  1198 | D:2      | HP: 4/26 [poisoned by an adder]
  1203 | D:2      | Reached XP level 4. HP: 4/32 MP: 4/4
  1203 | D:2      | HP: 1/48 [goblin/+0 dagger (3)]
  1208 | D:2      | Slain by a gnoll

Illustrated notes

Levels and vault maps discovered:
D:1:      saegor_arrival_simple_e, layout_loops_ring, serial_shops,
          nicolae_shop_behind_doors
D:2:      layout_rooms, dk_vineyard_3

Skill      XL: |  1  2 |
---------------+-------+-----
Unarmed Combat | 3 |  3.7
Shapeshifting  | 3 |  3.6
Fighting       | |  1.0
Dodging        | |  1.7

Action                     |  1- 3 |  4- 6 || total
---------------------------+-------+-------++-------
  Melee: Unarmed           |    99 |     4 ||   103
         Headbutt          |    12 |       ||    12
  Throw: Javelin           |       |     2 ||     2
    Use: Scroll            |     3 |       ||     3
         Potion            |     1 |       ||     1
   Stab: Sleeping          |     1 |       ||     1
 Armour: Animal skin       |    19 |       ||    19
         Chain mail        |    60 |       ||    60
         Skin              |     4 |     7 ||    11
  Dodge: Dodged            |    60 |     1 ||    61

Table legend: (Time is in decaauts)
 A = Elapsed time spent in this place.
 B = Non-inter-level travel time spent in this place.
 C = Inter-level travel time spent in this place.
 D = Time resting spent in this place.
 E = Time spent auto-exploring this place.
 F = Levels seen in this place.
 G = Mean time per level.
                   A        B        C        D        E       F      G
               +--------+--------+--------+--------+--------+-----+--------+
         Total |   1204 |   1179 |     25 |    115 |    737 |   2 |  602.0 |
       Dungeon |   1204 |   1179 |     25 |    115 |    737 |   2 |  602.0 |
               +--------+--------+--------+--------+--------+-----+--------+

Top non-repeatable levels by time:
     D:1: 896 daAuts
     D:2: 308 daAuts
